Cogmind - Beta 16 @@@ ROGUE MODE // 2025.10.25 @ 16:14:30 Player: WetterLettuce Result: Destroyed by D-53 Grenadier with Mini Grenade Launcher Performance ------------- Evolutions (1) 500 Regions Visited (3) 600 Robots Destroyed (41) 205 Value Destroyed (1361) 1361 Prototype IDs (4) 80 Alien Tech Used (0) 0 Bonus (0) 0 TOTAL SCORE: 2746 Bonus ------- None Cogmind --------- Core Integrity 0/400 Matter 206/300 Energy 100/100 System Corruption 0% Temperature Cool (0) Movement Core (100) Ox1 Location -9/Mines Parts ------- > --- POWER (1) -------- (None) > --- PROPULSION (2) --- (None) > --- UTILITY (3) ------ Heat Sink > --- WEAPON (3) ------- Assault Cannon > --- INVENTORY (5) ---- Ion Engine Improved Sensor Array Recoil Stabilizer Hacking Suite Peak State ------------ > --- POWER ------------ Light Nuclear Core > --- PROPULSION ------- Light Treads Light Treads > --- UTILITY ---------- Heat Sink Large Storage Unit Light Armor Plating > --- WEAPON ----------- Beam Rifle Shotgun Assault Cannon > --- INVENTORY -------- Ion Engine Ion Engine Light Treads Light Treads Improved Sensor Array Terrain Scanner Recoil Stabilizer Hacking Suite Hacking Suite System Shield System Shield Assault Cannon Assault Cannon Rocket Launcher [Rating: 18] Favorites ----------- Power Ion Engine Engine Ion Engine Power Core Light Nuclear Core Propulsion Light Treads Treads Light Treads Utility Heat Sink Device Heat Sink Storage Large Storage Unit Protection Light Armor Plating Weapon Medium Laser Energy Gun Medium Laser Ballistic Gun Improved Assault Rifle Ballistic Cannon Assault Cannon Launcher Rocket Launcher Build | -11 -10 -9 -9 ------- Run | Yrd Mat Mat Min Slots Evolved 2 | . . 2 . Power . | . . . . Propulsion . | . . . . Utility 1 | . . 1 . Weapon 1 | . . 1 . Parts Attached 32 | 6 1 17 8 Power 2 | 1 . . 1 Engine 1 | 1 . . . Core 1 | . . . 1 Reactor . | . . . . Propulsion 7 | 2 . 4 1 Treads 7 | 2 . 4 1 Leg . | . . . . Wheel . | . . . . Hover . | . . . . Flight . | . . . . Utility 11 | 1 1 7 2 Device 5 | . 1 3 1 Storage 2 | 1 . 1 . Processor . | . . . . Hackware . | . . . . Protection 4 | . . 3 1 Artifact . | . . . . Weapon 12 | 2 . 6 4 Energy Gun 5 | 2 . 3 . Energy Cannon . | . . . . Ballistic Gun 3 | . . 3 . Ballistic Cannon 2 | . . . 2 Launcher 2 | . . . 2 Special Weapon . | . . . . Impact Weapon . | . . . . Slashing Weapon . | . . . . Piercing Weapon . | . . . . Special Melee Weapon . | . . . . Unidentified Prototypes 1 | . . 1 . Parts Lost 13 | . . 4 9 Power 1 | . . . 1 Propulsion 3 | . . . 3 Utility 5 | . . 3 2 Weapon 4 | . . 1 3 Highest Loss Streak 6 | . . 2 6 To Critical Strikes . | . . . . Average Backups 10 | . 2 12 13 Power 1 | . 1 1 1 Propulsion 1 | . . 1 1 Utility 4 | . . 5 6 Weapon 3 | . 1 3 3 Tool/Special . | . . . . Unused Backups 14 | . . 3 11 Power 1 | . . . 1 Propulsion 2 | . . 1 1 Utility 9 | . . 2 7 Weapon 2 | . . . 2 Tool/Special . | . . . . Average Slot Usage (%) 96 | . 95 99 83 Engine 10 | . 14 11 2 Treads 22 | . 28 21 17 Device 11 | . 10 11 11 Storage 11 | . 14 11 9 Protection 8 | . . 9 8 Energy Gun 15 | . 28 13 9 Ballistic Gun 15 | . . 19 9 Peak Build Rating 18 | 6 7 16 18 Average Rating 12 | 4 6 13 14 On Entrance 7 | . 6 7 16 Avg Prop Armor Cover (%) . | . . . . Naked Turns . | . . . . Heaviest Build 40 | 14 15 38 40 Greatest Support 40 | 40 40 40 40 Greatest Overweight (x) 1 | . . 1 1 Average Overweight (x) . | . . . . Largest Inventory Capacity 15 | 8 8 15 15 Average Capacity 13 | 7 8 14 13 Most Carried 15 | 2 3 15 15 Average Carried 10 | . 2 12 13 Final Capacity 15 | 8 8 15 5 Final Carried 15 | 2 3 15 4 Class Distribution -------------------- 41% | Scientist-Tank 28% | Scavenger-Tank 20% | Mutant 4% | Skirmisher 3% | Tank Dominant Class ---------------- Mutant | -10/Materials Scientist-Tank | -9/Materials Scavenger-Tank | -9/Mines Resources | -11 -10 -9 -9 ----------- Run | Yrd Mat Mat Min Matter Collected 1064 | 254 16 686 108 Remotely . | . . . . Salvage Created 1598 | . 104 1332 162 Parts 89 | . 2 79 8 Haulers Intercepted . | . . . . Recyclers Shooed . | . . . . Parts Field Recycled . | . . . . Retrieved Matter . | . . . . Parts Self-Destructed . | . . . . Prevented . | . . . . Parts Restored . | . . . . Kills | -11 -10 -9 -9 ------- Run | Yrd Mat Mat Min Combat Hostiles Destroyed 50 | . 2 28 20 Guns 35 | . 2 28 5 AOE 15 | . . . 15 Classes Destroyed 8 | . 2 5 1 Worker 2 | . . 2 . Operator 2 | . . 2 . Watcher 4 | . 1 3 . Grunt 24 | . 2 19 3 Brawler 2 | . . 2 . Duelist 2 | . . 2 . Sentry 5 | . . 5 . Assembled 17 | . . . 17 Best Kill Streak 17 | . 2 9 17 Combat Bots Only 17 | . 2 4 17 Max Kills in Single Turn 6 | . 1 2 6 Gunslinging 1 | . . 1 . Exploded 6 | . . . 6 Melee . | . . . . Uniques/NPCs Destroyed . | . . . . Combat | -11 -10 -9 -9 -------- Run | Yrd Mat Mat Min Hostile Shots Fired 191 | . 13 127 51 Missed 49 | . 2 38 9 Hits 142 | . 11 89 42 Melee 8 | . . 8 . Projectile 134 | . 11 81 42 AOE 16 | . . . 16 Critical Strikes 5 | . . 5 . Damage Taken 2318 | . 120 1244 954 Core 417 | . 10 188 219 Absorbed by Shields . | . . . . Core Remaining (%) 98 | 100 96 . . Volleys Fired 115 | . 12 82 21 Largest 3 | . 2 3 3 Hottest 120 | . 100 120 119 Shots Fired 311 | . 24 244 43 Gun 297 | . 24 244 29 Cannon 5 | . . . 5 Launcher 9 | . . . 9 Special . | . . . . Kinetic 171 | . . 153 18 Thermal 131 | . 24 91 16 Explosive 9 | . . . 9 Electromagnetic . | . . . . Robot Hit Streak 18 | . 11 18 9 Robot Miss Streak 5 | . 2 5 2 Penetration Max . | . . . . Secondary Targets 9 | . 1 8 . Max Gunslinging Chain 1 | . 1 1 . Shots Hit Robots 228 | . 18 183 27 Core Hits 115 | . 6 66 43 Critical Kills . | . . . . Critical Parts Destroyed 1 | . . 1 . Critical Strikes 8 | . 1 7 . Burn 7 | . 1 6 . Destroy 1 | . . 1 . Melee Attacks . | . . . . Impact . | . . . . Slashing . | . . . . Piercing . | . . . . Sneak Attacks . | . . . . Combat Hostiles . | . . . . Follow-up Attacks . | . . . . Damage Inflicted 4226 | . 224 2613 1389 Guns 3157 | . 224 2613 320 Cannons . | . . . . Explosions 1069 | . . . 1069 Melee . | . . . . Ramming . | . . . . Kinetic 1851 | . . 1716 135 Thermal 1306 | . 224 897 185 Explosive 1069 | . . . 1069 Electromagnetic . | . . . . Impact . | . . . . Slashing . | . . . . Piercing . | . . . . Highest Corruption . | . . . . Average Corruption . | . . . . Corruption Purged . | . . . . Corruption Blocked . | . . . . Overload Shots . | . . . . Overflow Damage 58 | . . . 58 Projectiles . | . . . . Explosions 58 | . . . 58 Melee . | . . . . Knockbacks . | . . . . Impact . | . . . . Kinetic . | . . . . Secondary . | . . . . Self-Inflicted Damage . | . . . . Shots . | . . . . Rammed . | . . . . Targets Rammed . | . . . . Kicked . | . . . . Crushed . | . . . . Highest Temperature 147 | . 147 113 108 Average Temperature 36 | . 59 27 63 Received Heat Transfer 627 | . 66 465 96 Siege Activations . | . . . . Martial Activations . | . . . . Shielding Activations . | . . . . Robots Disrupted . | . . . . Combat Hostiles . | . . . . Robots Corrupted . | . . . . Combat Hostiles . | . . . . Parts Fried . | . . . . Impact Corruptions . | . . . . Robots Melted . | . . . . Combat Hostiles . | . . . . Parts Melted 7 | . 1 6 . Heat Transferred 4121 | . 740 2900 481 Parts Sabotaged . | . . . . Parts Stolen . | . . . . Parts Stripped . | . . . . Power Chain Reactions . | . . . . Alert | -11 -10 -9 -9 ------- Run | Yrd Mat Mat Min Maximum Alert Level 1 | . . 1 . Low Security (%) 80 | 100 100 71 100 Level 1 19 | . . 28 . Level 2 . | . . . . Level 3 . | . . . . Level 4 . | . . . . Level 5 . | . . . . High Security . | . . . . Max Security . | . . . . Peak Influence 294 | . 44 294 86 Initial 31 | . . 1 31 Average 83 | . 7 109 39 Influence Increases 1002 | . 65 810 127 Destroy 0b10 Robot/C 660 | . 40 560 60 Destroy 0b10 Robot/NC 40 | . 5 35 . Destroy Leader 168 | . 12 146 10 Successful Hack 31 | . 8 23 . Disable Machine 45 | . . 30 15 Destroy Structure 43 | . . 1 42 Lose Combat Pursuer 15 | . . 15 . Influence Decreases 1002 | . 61 733 208 Entered New Map 53 | . . 3 50 Time Decay 589 | . 61 436 92 Lost Part 86 | . . 20 66 Purge Threat 274 | . . 274 . Squads Dispatched 5 | . 1 4 . Investigation 3 | . . 3 . Extermination . | . . . . Reinforcement 2 | . 1 1 . Assault . | . . . . Garrison . | . . . . Intercept . | . . . . Searches Triggered . | . . . . Construction Impeded . | . . . . Haulers Reinforced . | . . . . Active Scanning Responses . | . . . . Cargo Convoy Interrupts . | . . . . Stealth | -11 -10 -9 -9 --------- Run | Yrd Mat Mat Min Distress Signals 3 | . 1 2 . Communications Jammed . | . . . . Distress Signals . | . . . . Times Spotted 74 | . 7 42 25 Peak Tracking Total 18 | . 3 5 18 Tactical Retreats 1 | . . 1 . Traps | -11 -10 -9 -9 ------- Run | Yrd Mat Mat Min Traps Triggered 5 | . . 5 . Indirectly . | . . . . Trap Hack Attempts . | . . . . Triggered . | . . . . Disarmed . | . . . . Reprogrammed . | . . . . Reused . | . . . . Traps Extracted . | . . . . Installed . | . . . . Triggered . | . . . . Machines | -11 -10 -9 -9 ---------- Run | Yrd Mat Mat Min Machines Disabled 3 | . . 2 1 Max in Single Turn 1 | . . 1 1 Machines Repaired . | . . . . Machines Dismantled . | . . . . Machines Sabotaged . | . . . . Overloaded Fab Kills . | . . . . Hacking | -11 -10 -9 -9 --------- Run | Yrd Mat Mat Min Machines Accessed 12 | . 6 6 . Terminals 9 | . 5 4 . Fabricators . | . . . . Repair Stations 1 | . . 1 . Recycling Units 1 | . 1 . . Scanalyzers 1 | . . 1 . Garrison Access . | . . . . Total Hacks 40 | . 18 22 . Successful 24 | . 9 15 . Failed 16 | . 9 7 . Catastrophic 1 | . . 1 . Database Lockouts . | . . . . Manual 18 | . 8 10 . Terminals 27 | . 14 13 . Fabricators . | . . . . Repair Stations 1 | . . 1 . Recycling Units 4 | . 4 . . Scanalyzers 8 | . . 8 . Garrison Access . | . . . . Terminal Hacks 7 | . 3 4 . Record 1 | . 1 . . Prototype ID Bank 2 | . 2 . . Alert Level 1 | . . 1 . Unreport Threat 2 | . . 2 . Zone Layout 1 | . . 1 . Fabricator Hacks . | . . . . Repair Station Hacks . | . . . . Recycling Unit Hacks 1 | . 1 . . Retrieve Components 1 | . 1 . . Scanalyzer 7 | . . 7 . Retrieve Study 7 | . . 7 . Garrison Access Hacks . | . . . . Unauthorized Hacks 9 | . 5 4 . Terminals 8 | . 5 3 . Botnet 8 | . 5 3 . Fabricators . | . . . . Repair Stations 1 | . . 1 . Mechanics 1 | . . 1 . Recycling Units . | . . . . Scanalyzers . | . . . . Garrison Access . | . . . . Data Cores Recovered 1 | . . 1 . Used . | . . . . Hacking Detections 12 | . 6 6 . Full Trace Events 1 | . 1 . . Feedback Events . | . . . . Feedback Blocked . | . . . . Robot Schematics Acquired . | . . . . Robots Built . | . . . . Authchips . | . . . . Time . | . . . . Total Robot Build Rating . | . . . . Part Schematics Acquired . | . . . . Parts Built . | . . . . Authchips . | . . . . Time . | . . . . Total Part Build Rating . | . . . . Part Studies Acquired 7 | . . 7 . Parts Repaired . | . . . . Time . | . . . . Parts Recycled . | . . . . Recycled Matter . | . . . . Retrieved Matter . | . . . . Retrieved Components 1 | . 1 . . Parts Scanalyzed . | . . . . Part Schematics Acquired . | . . . . Parts Damaged . | . . . . Bothacking | -11 -10 -9 -9 ------------ Run | Yrd Mat Mat Min Used RIF Installer . | . . . . Robots Hacked . | . . . . Non-combat . | . . . . Combat . | . . . . Robot Hacks Applied . | . . . . Relay Couplers Released . | . . . . Fabnet Peak Effective % . | . . . . Robots Rewired . | . . . . Allies Hacked . | . . . . Hacks Repelled . | . . . . Allies | -11 -10 -9 -9 -------- Run | Yrd Mat Mat Min Total Allies . | . . . . Largest Group . | . . . . Highest-Rated Group . | . . . . Highest-Rated Ally . | . . . . Total Orders . | . . . . Ally Attacks . | . . . . Total Damage . | . . . . Kills . | . . . . Allies Corrupted . | . . . . Allies Melted . | . . . . Intel | -11 -10 -9 -9 ------- Run | Yrd Mat Mat Min Active Infowar (turns) 105 | . . 105 . Terrain 105 | . . 105 . Robot Analysis Total . | . . . . Derelict Logs Recovered . | . . . . Drone Launches . | . . . . Drone Recoveries . | . . . . Exploration | -11 -10 -9 -9 ------------- Run | Yrd Mat Mat Min Turns Passed 2211 | 72 338 1571 230 Spaces Moved 1115 | 41 187 776 111 Core 27 | 3 . . 24 Treads 1088 | 38 187 776 87 Legs . | . . . . Wheels . | . . . . Hover . | . . . . Flight . | . . . . Fastest Speed 50 | 50 160 160 50 Average Speed 158 | 151 160 160 143 Slowest Speed 200 | 160 160 200 200 Overloaded Moves . | . . . . Propulsion Burnouts . | . . . . Robots Hopped . | . . . . Potential Cave-ins . | . . . . Cave-ins Triggered . | . . . . Exploration Rate (%) 36 | 3 41 67 35 Regions Visited 3 Branch Regions 1 Pre-discovered Areas . | . . . . Known Exits Taken . | . . . . Unknown Exits Taken 3 | 1 1 1 . Scrap Searched 2 | . . . 2 Spaces Dug 2 | . . . 2 Terrain Destroyed 53 | . . . 53 Melee . | . . . . Projectile 2 | . . . 2 AOE 51 | . . . 51 Terrain Rammed . | . . . . Walls Destroyed . | . . . . Machines Disabled . | . . . . Actions | -11 -10 -9 -9 --------- Run | Yrd Mat Mat Min Total 1320 | 48 201 925 146 Wait 10 | . 1 9 . Move 1112 | 40 186 775 111 Hop . | . . . . Pick Up 24 | 2 1 19 2 Fast Attach 17 | 6 1 10 . Attach 7 | . . 3 4 Detach 2 | . . 2 . Swap 13 | . . 9 4 Drop 20 | . . 16 4 Fire 115 | . 12 82 21 Melee . | . . . . Ram . | . . . . Kick . | . . . . Crush . | . . . . Escape Stasis . | . . . . Rewire . | . . . . Trap . | . . . . Miscellaneous . | . . . . Route ------- -11/Scrapyard -10/Materials -9/Materials (discovered 2 exits: [*Mat] / [*Min]) -9/Mines History --------- Turn | Location | Event 9 | -11/Scrapyard | Discovered new exit (range 15) 73 | -11/Scrapyard | Entered Materials 301 | -10/Materials | Build established: Mutant 404 | -10/Materials | Discovered new exit (range 4) 411 | -10/Materials | Entered another Materials area 411 | -9/Materials | Evolved 2 slots: Utility x1, Weapon x1 890 | -9/Materials | Build established: Scientist-Tank 1065 | -9/Materials | Discovered new exit (range 15) 1327 | -9/Materials | Build established: Scavenger-Tank 1832 | -9/Materials | Build established: Scientist-Tank 1972 | -9/Materials | Discovered new exit (range 7) 1982 | -9/Materials | Entered Mines 2103 | -9/Mines | Assembled infested the area 2138 | -9/Mines | Core integrity fell below 50% 2172 | -9/Mines | Destroyed 17 combat bots 2185 | -9/Mines | Core integrity fell below 20% 2212 | -9/Mines | Destroyed by D-53 Grenadier with Mini Grenade Launcher Last Messages --------------- Mni. Grenade Launcher destroyed. The unstable cave ceiling collapses. T-07 Excavator is excavating. U-05 Engineer lays Concrete. U-05 Engineer builds a Wall. Lgt. Armor Plating destroyed. T-07 Excavator is excavating. Rocket Launcher destroyed. U-05 Engineer lays Concrete. Lgt. Treads+ destroyed. Dropped Lrg. Storage Unit. U-05 Engineer lays Concrete. Dropped Beam Rifle+. Lgt. Treads+ destroyed. U-05 Engineer lays Concrete. The unstable cave ceiling collapses. Searching scrap... Found EM Shotgun. Found 32 Matter. Acquired 32 matter. Map ----- +----------------------------------------------------+ | ????????????????????????????????????? | | ????????????????????????????????????? | | ????????????????????????????????????? | | ??????????????###???????????????????? | | ?????????????## ##??????????????????? | | ????????????## #??????????????????? | | ?????????#### #????????????#?????? | | ?????????# #???????????? #?????? | | ?????????# ######???#### #?????? | | ??????????# # ####!| %!##????? | | ??????????## # * #??#?? | | ??######### % ### #?? | | ?## ! % #?? | | ?# [ [!] #?? | | ?# ### = [ #???? | | ??# ## ] #????? | | ??## ### # " ##????? | | ???## #?### ## #?????? | | ????## #???###### ##?????? | | ?????## ########### ## #??????? | | ??????# #;# ## #??##### | | ??????# # ##### # ### | | ??????# ##??# ## ## | | ??????### #??# ### | | ??????## d #???## # | | ??????# d @ #????# #? | | ??????# #??# ##? | | ??????# # #?# ### " ##?? | | ??????## #??#?# ###?##%"##??? | | ??????# ##???# ##????## ##??? | | ??????# ###???# % ???????# #??? | | ??????# #?????# ???????# #??? | | ??????## ##?????# ???????# ##?? | | ???????## ##?????? ???????# ### | | ????????###???????# #???????# | | ??????????????????# ##????????## * | | ??????????????????##???????????### # | | ?????????????????????????????????#### | | ????????????????????????????????????? | | ????????????????????????????????????? | | | | | | | | | | | | | | | | | | | | | +----------------------------------------------------+ Best States ------------- Heat Dissipation 38 Energy Generation 14 Energy Capacity 250 Matter Stores 300 Matter Capacity 300 Sight Range 16 Terrain Scan Range 14 Terrain Scan Density 10 Armor Coverage 150 Evasion (%) 50 Recoil Reduction 2 Item Schematics ----------------- None Robot Schematics ------------------ None Fabricated ------------ Nothing Repaired ---------- Nothing Studied --------- Lgt. Treads | -9/Materials | Hacked Assault Rifle | -9/Materials | Hacked Med. Laser | -9/Materials | Hacked Ion Engine | -9/Materials | Hacked Beam Rifle | -9/Materials | Hacked Sml. Laser | -9/Materials | Hacked Shotgun | -9/Materials | Hacked Alien Tech Used ----------------- None Achievements -------------- Exterminator Challenges ------------ None Game ------ Seed PointImprovedCanceller Manual? 0 Play Time 00:17:45 Cumulative 94.4 hours Start 2025.10.25 @ 15:58:31 End 2025.10.25 @ 16:14:30 Sessions 1 Manual Loads 0 Difficulty Rogue Special Mode None Game No. 111 Rogue 111 Adventurer 0 Explorer 0 Win Type - Total 1 Types 1/0/0/0/0/0/0/0/0/0 Lore% 70 Gallery% 54 Achievement% 35 Wizard Run 0 Options --------- Layout 1 ASCII 0 Keyboard 0 Movement Mouse Keybinds 0 Fullscreen 2 Font 24/Smallcaps Map View 50x35 Zoom Use 0% Tactical HUD 0 Map Filters NONE Filters NONE Steam 1 RUN: d31d6057-3612-45f1-8414-0ee69cdc77e4